AoeStats
← Coyunto90

Glade

510580491Analyzed
1v1 RM · 14h ago on Oct 1, 2026· 36m 39s· 2 players
Game mode
Random Map
Map size
Tiny (2 player)
Population
200
Speed
Normal
Resources
Standard
Victory
Conquest
Starting age
Dark Age
Ending age
Imperial Age
RankedLock teamsTeams togetherTeam positionsShared explorationLock speedFull tech treeHidden civsTurbo modeCheats
Victory
Defeat
🇹🇷 Vikings · Türkiye
1121
+17
🇪🇸 Mongols · Spain
1137
-17
maestro_006
10:10 Feudal Age
13:13 Double-Bit Axe
17:26 Castle Age
16:13 Fletching
17:38 Gold Mining
18:45 Bow Saw
19:20 Crossbowman
20:52 Town Watch
23:05 Loom
24:19 Ballistics
24:35 Bodkin Arrow
25:31 Padded Archer Armor
26:55 Squires
28:32 Leather Archer Armor
36:33 Imperial Age
36:00 Town Patrol
36:13 Masonry
36:01 Treadmill Crane
36:27 Scale Mail Armor
36:37 Forging
Coyunto90
1:36 Loom
4:37 Loom
9:35 Feudal Age
10:55 Man-at-Arms
11:56 Double-Bit Axe
15:38 Wheelbarrow
20:00 Castle Age
18:14 Fletching
18:43 Gold Mining
20:40 Bodkin Arrow
23:59 Scale Barding Armor
25:26 Horse Collar
28:54 Husbandry
30:36 Padded Archer Armor
31:53 Bloodlines
35:06 Ballistics
35:01 Bow Saw
Connection lost

Rejoining the realm…

Still unreachable

The connection could not be restored.

Session expired

The server has moved on; the page needs a fresh start.